 Dungeon Crawl Stone Soup version 0.31-a0-848-gaac375c287 (webtiles) character file.

Game seed: 16875776176207347311

101 ytrimaz the Insei (level 4, 0/32 HPs)
             Began as a Demonspawn Shapeshifter on Oct 4, 2023.
             Slain by a gnoll
             ... wielding a +0 spear
              (7 damage)
             ... on level 3 of the Dungeon.
             The game lasted 00:01:48 (1617 turns).

ytrimaz the Insei (Demonspawn Shapeshifter)         Turns: 1617, Time: 00:01:48

Health: 0/32       AC:  6    Str: 14    XL:     4   Next: 48%
Magic:  4/4        EV:  9    Int: 11    God:
Gold:   188        SH:  0    Dex: 15    Spells: 3/3 levels left

rFire   . .          .
                       - Unarmed
rCold   . . .        (no shield)
rNeg    . . .        f - +0 scale mail
rPois   .            (helmet currently unavailable)
rElec   .            (cloak currently unavailable)
rCorr   .            (gloves currently unavailable)
SInv    .            (boots currently unavailable)
Will    .....        (no amulet) Stlth
                     (no ring)
HPRegen 0.25/turn    (no ring)
MPRegen 0.09/turn

%: no passive effects
@: brilliant, beast-form
A: beast (slay +2), demonic touch 1
a: Begin Untransformation


You were on level 3 of the Dungeon.
You were a hulking beast.
You visited 1 branch of the dungeon, and saw 4 of its levels.

You collected 188 gold pieces.


Innate Abilities, Weirdness & Mutations

You are a hulking beast.
Your limbs bulge with bestial killing power. (Slay +2)
Your touch may inflict minor irresistible damage on your foes.


   Skills:
 - Level 1.0 Fighting
 - Level 1.7 Dodging
 + Level 3.9 Unarmed Combat
 + Level 3.7 Shapeshifting


You had 3 spell levels left.
You didn't know any spells.
Your spell library contained the following spells:

 Spells                   Type           Power      Damage    Failure   Level
 Static Discharge         Conj/Air       0%         2-2/arc   94%         2
 Inner Flame              Hex/Fire       0%         N/A       99%         3
 Airstrike                Air            0%         2d(0-16)  100%        4
 Flame Wave               Conj/Fire      0%         2d4       100%        4
 Sticky Flame             Conj/Fire      0%         2d3       100%        4
 Summon Lightning Spire   Summ/Air       0%         N/A       100%        4

Inventory:

Armour
 f - a +0 scale mail (worn)
   (You found it on level 1 of the Dungeon)
 o - a +0 leather armour of willpower
   (You found it on level 4 of the Dungeon)
Jewellery
 m - a ring of poison resistance
   (You found it on level 2 of the Dungeon)
 r - a ring of magical power
   (You took it off an orc on level 3 of the Dungeon)
Talismans
 c - a beast talisman (active)
 d - a flux talisman
 p - a talisman of death
   (You found it on level 3 of the Dungeon)
Scrolls
 e - a scroll of acquirement {unknown}
 h - 3 scrolls of identify
 i - 3 scrolls of poison
 l - a scroll of enchant armour {unknown}
Potions
 a - 2 potions of haste {unknown}
 b - a potion of lignification
 g - a potion of brilliance
 j - 2 potions of might {unknown}
 k - 2 potions of heal wounds {unknown}
 n - a potion of curing {unknown}
 q - a potion of degeneration {unknown}
 s - a potion of enlightenment {unknown}

Dungeon Overview and Level Annotations

Branches:
Dungeon (4/15) Zot: 22382
 Temple: D:4-7

Altars:
Ashenzari
Makhleb

#+## ....# ....# ..!.?#
###.....# ##gg.....# ## #)g#
.## ##.## ..# #. ##h.#
#.########.# #..##
#..#....##.# #.#####
##...[..##.# #.....#
###....##.####..##.#
#....##...[...##.########
#....##.......##........#
#######.##......)....#####.#
..........>..............#.#


You could see 2 gnolls and a goblin.


Message History

You are poisoned.
The adder poisons you! 😕 HP[-1]
You take 1 damage, and now have 27/32 hp.
You barely miss the adder.
You feel sick. The kobold hits you with a +0 dagger.
The adder bites you but does no damage. 😮 HP[-4]
You take 4 damage, and now have 23/32 hp.
You punch the adder!
You touch the adder.
You kill the adder!
You feel sick.
The kobold completely misses you. 😮 HP[-1]
You take 1 damage, and now have 22/32 hp.
Unknown command.
You feel sick. The kobold barely misses you.
Things that are here:
a +0 short sword; a +0 dagger; an adder corpse
Found a burning altar of Makhleb.
You feel sick.
You are no longer poisoned. 😮 HP[-1]
You take 1 damage, and now have 21/32 hp.
Unknown command.
You hit the kobold.
You kill the kobold!
Items here: ))) ††.
Unknown command.
You are too injured to fight recklessly! 😮 HP[+1]
r - a ring of magical power
Things that are here:
a +0 club; a +0 leather armour 😎 HP[+10]
Your hp is fully restored (32).
s - a clear potion You now have 188 gold pieces (gained 12).
Key pressed, stopping explore.
A gnoll comes into view. It is wielding a +0 club.
The gnoll shouts!
You hear a shout! x2
A gnoll is nearby!
A gnoll is nearby!
A gnoll is nearby!
A gnoll comes into view. It is wielding a +0 spear.
The gnoll shouts!
A gnoll comes into view. It is wielding a +0 spear.
A goblin comes into view. It is wielding a +0 dagger.
The gnoll barely misses you.
You barely miss the gnoll. You hit the gnoll.
The gnoll hits you but does no damage. x2
Unknown command.
You hit the gnoll. You hit the gnoll but do no damage.
The gnoll hits you from afar with a +0 spear.
The gnoll barely misses you. 😕 HP[-2]
You take 2 damage, and now have 30/32 hp.
You hit the gnoll. The gnoll hits you but does no damage.
The gnoll barely misses you.
Unknown command.
You barely miss the gnoll.
The gnoll hits you from afar with a +0 spear!
The gnoll hits you with a +0 club. 😮 HP[-8]
You take 8 damage, and now have 22/32 hp.
MASSIVE DAMAGE!! (PAUSE)
You are too injured to fight recklessly!
The gnoll hits you but does no damage. The gnoll hits you with a +0 spear!
* * * LOW HITPOINT WARNING * * *
The gnoll completely misses you. 😨 HP[-6]
You take 6 damage, and now have 16/32 hp.
Unknown command.
You barely miss the gnoll. The gnoll hits you but does no damage.
The gnoll barely misses you. The gnoll hits you with a +0 club.
* * * LOW HITPOINT WARNING * * *
😨 HP[-6]
You take 6 damage, and now have 10/32 hp.
Unknown command.
The gnoll hits you from afar with a +0 spear.
* * * LOW HITPOINT WARNING * * *
The gnoll barely misses you. 😨 HP[-1]
You take 1 damage, and now have 9/32 hp.
Unknown command.
You hit the gnoll.
You kill the gnoll!
The gnoll barely misses you.
Unknown command.
The gnoll attacks as it pursues you!
The gnoll hits you from afar with a +0 spear.
* * * LOW HITPOINT WARNING * * *
😱 HP[-2]
You take 2 damage, and now have 7/32 hp.
As you read the scroll labelled LIYDUC GOHUL, it crumbles to dust.
It is a scroll of identify.
i - 3 scrolls of poison The gnoll barely misses you.
It was a potion of brilliance.
You feel clever all of a sudden.
The gnoll hits you from afar with a +0 spear!
You die...

Skill      XL: |  1  2 |
---------------+-------+-----
Unarmed Combat | 3 |  3.9
Shapeshifting  | 3 |  3.7
Fighting       | |  1.0
Dodging        | |  1.7

Action                     |  1- 3 |  4- 6 || total
---------------------------+-------+-------++-------
  Melee: Unarmed           |   104 |    18 ||   122
         Touch             |    14 |     1 ||    15
         Punch             |     1 |       ||     1
    Use: Scroll            |       |     1 ||     1
         Potion            |       |     1 ||     1
 Armour: Scale mail        |    57 |    19 ||    76
         Animal skin       |     8 |       ||     8
  Dodge: Dodged            |    39 |    14 ||    53

Levels and vault maps discovered:
D:1:      minmay_arrival_split_and_join, layout_loops_ring
D:2:      layout_loops_ring, serial_rivers, chequers_serial_rivers_micro_e,
          chequers_serial_rivers_micro_b, chequers_serial_rivers_micro_a,
          chequers_serial_rivers_large_a, chequers_serial_rivers_micro_c,
          chequers_serial_rivers_micro_b
D:3:      layout_basic, nicolae_ashenzari_skybound,
          mainiacjoe_overflow_tiny_flanked, nicolae_overflow_crystal_walls,
          grunt_gozag_statues
D:4:      layout_basic, dreamdust_princess_bridge, uniq_robin

Notes
Turn   | Place    | Note
-------+----------+-------------------------------------------
     0 | D:1      | ytrimaz the Demonspawn Shapeshifter began the quest for the
                  | Orb.
     0 | D:1      | Reached XP level 1. HP: 15/15 MP: 1/1
     0 | D:1      | magus.rc [v1.9.6]
    51 | D:1      | You pick up a book of Storms and begin reading...
    51 | D:1      | You add the spells Static Discharge, Airstrike and Summon
                  | Lightning Spire to your library.
   174 | D:1      | Reached skill level 3 in Unarmed Combat
   178 | D:1      | Gained mutation: Your touch may inflict minor irresistible
                  | damage on your foes. [demonic ancestry]
   178 | D:1      | Reached XP level 2. HP: 12/21 MP: 2/2
   228 | D:1      | Reached skill level 3 in Shapeshifting
   436 | D:1      | Reached XP level 3. HP: 26/26 MP: 3/3
   970 | D:2      | You pick up a book of Flames and begin reading...
   970 | D:2      | You add the spells Inner Flame, Sticky Flame and Flame Wave
                  | to your library.
  1340 | D:2      | You fall into a shaft and drop 2 floors!
  1442 | D:3      | Reached XP level 4. HP: 32/32 MP: 4/4
  1455 | D:3      | Found a broken altar of Ashenzari.
  1515 | D:3      | Found a burning altar of Makhleb.
  1615 | D:3      | HP: 7/32 [gnoll/+0 spear (3)]
  1617 | D:3      | Slain by a gnoll

Vanquished Creatures
  A gnoll (D:3)
  2 adders (D:3)
  4 worms (D:2)
  4 dart slugs (D:1)
  3 orcs (D:3)
  6 ball pythons
  4 bats (D:1)
  3 endoplasms
  2 giant cockroaches
  8 hobgoblins
  A quokka (D:2)
  2 frilled lizards (D:1)
  5 goblins
  3 kobolds
  2 rats
50 creatures vanquished.

Table legend:
 A = Non-vault XP
 B = Vault XP
 C = Vault XP percentage of total XP
 D = Non-vault monster count
 E = Vault monster count
 F = Vault count percentage of total count
                 A         B        C        D         E       F
            +---------+---------+-------+---------+---------+-------
      Total |     145 |       0 |   0.0 |      50 |       0 |   0.0
            +---------+---------+-------+---------+---------+-------
        D:1 |      54 |       0 |   0.0 |      26 |       0 |   0.0
        D:2 |      36 |       0 |   0.0 |      13 |       0 |   0.0
        D:3 |      53 |       0 |   0.0 |       9 |       0 |   0.0
        D:4 |       2 |       0 |   0.0 |       2 |       0 |   0.0
            +---------+---------+-------+---------+---------+-------

Skill      XL: |  1  2 |
---------------+-------+-----
Unarmed Combat | 3 |  3.9
Shapeshifting  | 3 |  3.7
Fighting       | |  1.0
Dodging        | |  1.7

Action                     |  1- 3 |  4- 6 || total
---------------------------+-------+-------++-------
  Melee: Unarmed           |   104 |    18 ||   122
         Touch             |    14 |     1 ||    15
         Punch             |     1 |       ||     1
    Use: Scroll            |       |     1 ||     1
         Potion            |       |     1 ||     1
 Armour: Scale mail        |    57 |    19 ||    76
         Animal skin       |     8 |       ||     8
  Dodge: Dodged            |    39 |    14 ||    53

Illustrated notes

Table legend:
 A = Kills in this place as a percentage of kills in the entire game.
 B = Kills by you in this place as a percentage of kills by you in the entire game.
 C = Kills by friends in this place as a percentage of kills by friends in the entire game.
 D = Other kills in this place as a percentage of other kills in the entire game.
 E = Experience gained in this place as a percentage of experience gained in the entire game.
 F = Experience gained in this place divided by the number of levels of this place that you have seen.
                   A       B       C       D       E      F
               +-------+-------+-------+-------+-------+----------------------
         Total | 100.0 | 100.0 |   N/A |   N/A | 100.0 |  36.2
       Dungeon | 100.0 | 100.0 |   N/A |   N/A | 100.0 |  36.2
               +-------+-------+-------+-------+-------+----------------------

Table legend: (Time is in decaauts)
 A = Elapsed time spent in this place.
 B = Non-inter-level travel time spent in this place.
 C = Inter-level travel time spent in this place.
 D = Time resting spent in this place.
 E = Time spent auto-exploring this place.
 F = Levels seen in this place.
 G = Mean time per level.
                   A        B        C        D        E       F      G
               +--------+--------+--------+--------+--------+-----+--------+
         Total |   1616 |   1574 |     42 |      0 |   1229 |   4 |  404.0 |
       Dungeon |   1616 |   1574 |     42 |      0 |   1229 |   4 |  404.0 |
               +--------+--------+--------+--------+--------+-----+--------+

Top non-repeatable levels by time:
     D:1: 807 daAuts
     D:2: 534 daAuts
     D:3: 196 daAuts
     D:4: 78 daAuts
